[Event "Titled Tuesday Blitz June 1 2021"]
[White "Papasimakopoulos, Alexandros"]
[Black "Lehtosaari, Mauri"]
[WhiteFideId "4244125"]
[BlackFideId "501999"]
[WhiteElo "2352"]
[BlackElo "2445"]
[Result "0-1"]
[Round "03"]
[TimeControl "180+1"]
[Date "2021.06.01"]
[WhiteClock "0:01:07"]
[BlackClock "0:00:34"]

1. d4 d5 2. c4 c6 3. cxd5 cxd5 4. Bf4 Nf6 5. Nc3 Nc6 6. e3 a6 7. Bd3 Bg4 8. Nge2 Bxe2 9. Qxe2 e6 10. O-O Bd6 11. Bg5 h6 12. Bh4 O-O 13. Rac1 Rc8 14. Na4 b5 15. Nc5 Bxc5 16. Rxc5 Na5 17. Rfc1 Rxc5 18. dxc5 Nc6 19. a4 bxa4 20. Bxa6 Qa5 21. Bxf6 gxf6 22. Bb5 Ne5 23. f4 Ng6 24. f5 exf5 25. c6 Rc8 26. Qd3 Kg7 27. Qxd5 Ne5 28. h3 Qb4 29. Qc5 Qxb2 30. c7 a3 31. Ba6 a2 32. Kh2 Nf3+ 33. Kg3 Ng5 34. Qc6 Ne4+ 35. Kh2 a1=Q 36. Rxa1 Qe5+ 37. Kh1 Qxa1+ 38. Kh2 Qe5+ 39. Kh1 Rxc7 0-1


[Site "https://www.chess.com"]

[Event "Titled Tuesday Blitz June 1 2021"]
[White "Paravyan, David"]
[Black "Moroni, Luca Jr"]
[WhiteFideId "4194985"]
[BlackFideId "865834"]
[WhiteElo "2562"]
[BlackElo "2491"]
[Result "1-0"]
[Round "03"]
[TimeControl "180+1"]
[Date "2021.06.01"]
[WhiteClock "0:01:32"]
[BlackClock "0:00:02"]

1. c4 g6 2. d4 Bg7 3. Nc3 d6 4. e4 c5 5. d5 Bxc3+ 6. bxc3 e5 7. a4 Qe7 8. a5 f5 9. exf5 gxf5 10. Qh5+ Qf7 11. Be2 Nf6 12. Qh4 f4 13. g3 Bf5 14. Nf3 Nbd7 15. gxf4 O-O-O 16. fxe5 dxe5 17. Be3 e4 18. Ng5 Qe7 19. Qf4 h6 20. Qxf5 hxg5 21. a6 b6 22. Bxg5 Rdf8 23. Qe6 Qxe6 24. dxe6 Ne5 25. O-O-O Nfg4 26. e7 Re8 27. Rd8+ Kc7 28. Rhd1 Nxf2 29. Bf4 Nxd1 30. Bxe5+ Kc6 31. Bxh8 Rxe7 32. Kxd1 1-0


[Site "https://www.chess.com"]

[Event "Titled Tuesday Blitz June 1 2021"]
[White "Plotnikov, Pavel"]
[Black "Alavi, Sayed Javad"]
[WhiteFideId "4170342"]
[BlackFideId "12500607"]
[WhiteElo "2298"]
[BlackElo "2495"]
[Result "0-1"]
[Round "03"]
[TimeControl "180+1"]
[Date "2021.06.01"]
[WhiteClock "0:00:26"]
[BlackClock "0:00:12"]

1. e4 e5 2. Nf3 Nc6 3. Bc4 Be7 4. d3 Nf6 5. O-O O-O 6. h3 d6 7. c3 Be6 8. Bb3 Bxb3 9. Qxb3 Rb8 10. Nbd2 Nd7 11. Re1 Nc5 12. Qc2 d5 13. b4 dxe4 14. dxe4 Qd3 15. Qxd3 Nxd3 16. Rd1 f6 17. Nc4 Nxc1 18. Raxc1 a6 19. Rd7 Rbc8 20. Rcd1 Rfd8 21. Ne3 Bd6 22. Rxd8+ Rxd8 23. Nf5 Kf8 24. Kf1 g6 25. Nxd6 Rxd6 26. Rxd6 cxd6 27. Ke2 Ke7 28. Kd3 Ke6 29. Nd2 f5 30. f3 b5 31. a3 d5 32. Nb3 Kd6 33. Nc5 Nb8 34. Nb7+ Kc7 35. Nc5 Kc6 36. Ne6 dxe4+ 37. fxe4 Nd7 38. Nd8+ Kd6 39. Nf7+ Ke7 40. Ng5 h5 41. Nf3 Kd6 42. Nh4 fxe4+ 43. Kxe4 Nf6+ 44. Ke3 Nd5+ 45. Kd3 Nf4+ 46. Ke4 Ke6 47. Kf3 g5 48. g3 Nd5 49. Ng6 Nxc3 50. Nf8+ Ke7 51. Nh7 Nb1 52. Nxg5 Nxa3 53. Ke4 Nc2 54. Kxe5 Nxb4 55. Kd4 Nc6+ 56. Kc5 Nb8 57. Ne4 Nd7+ 58. Kb4 Ke6 59. Ka5 Nb8 60. Nc5+ Ke5 61. Nd7+ Nxd7 62. Kxa6 b4 63. Kb5 b3 64. Kc4 b2 65. g4 b1=Q 66. gxh5 Qc1+ 67. Kd3 Qf4 68. h6 Qe4+ 69. Kd2 Nf6 70. h7 Qd4+ 71. Ke2 Nxh7 72. Kf3 Qe4+ 73. Kg3 Qf4+ 74. Kg2 Nf6 75. h4 Ne4 76. h5 Qg3+ 77. Kf1 Qf2# 0-1


[Site "https://www.chess.com"]

[Event "Titled Tuesday Blitz June 1 2021"]
[White "Reprintsev, Alexander"]
[Black "Svane, Frederik"]
[WhiteFideId "14100541"]
[BlackFideId "12923044"]
[WhiteElo "2177"]
[BlackElo "2459"]
[Result "1-0"]
[Round "03"]
[TimeControl "180+1"]
[Date "2021.06.01"]
[WhiteClock "0:00:21"]
[BlackClock "0:00:03"]

1. e4 c5 2. b3 d6 3. Bb2 Nf6 4. Bxf6 gxf6 5. Qh5 Nc6 6. Nc3 e6 7. f4 Bd7 8. Nf3 Qc7 9. f5 Ke7 10. Bc4 Nd4 11. O-O b5 12. Bd3 b4 13. Ne2 Nxf3+ 14. Rxf3 e5 15. Bc4 Be8 16. c3 a5 17. Kh1 Ra7 18. d4 bxc3 19. dxe5 fxe5 20. Nxc3 Kd8 21. Rd1 Kc8 22. Bb5 Bc6 23. Bxc6 Qxc6 24. Rfd3 Kb8 25. Qg5 Be7 26. Qg7 Qe8 27. Nd5 Rg8 28. Qh6 Ra6 29. Nxe7 Qxe7 30. Rxd6 Rxd6 31. Qxd6+ Qxd6 32. Rxd6 Rg4 33. h3 Rxe4 34. Rd5 Kc7 35. Rxc5+ Kb6 36. Rd5 h5 37. Rd7 Re2 38. Rxf7 Rxa2 39. Re7 Rb2 40. f6 Rxb3 41. Kg1 Rb4 42. g3 Rb3 43. Kg2 Rb2+ 44. Kf3 Rb1 45. Ke2 Rb2+ 46. Ke3 Rb1 47. Re6+ Kc5 48. Rxe5+ Kb4 49. f7 Re1+ 50. Kf2 Rxe5 51. f8=Q+ Rc5 52. Ke3 Kb5 53. Kd4 Rc4+ 54. Kd5 Rc3 55. Qb8+ Ka4 56. Kd4 Rc2 57. Qe8+ Kb4 58. Qxh5 Rc4+ 59. Kd3 a4 60. Qa5+ Kb3 61. Qd5 a3 62. Qxc4+ Kb2 63. Qb4+ Kc1 64. Qxa3+ Kb1 65. Qb3+ Kc1 66. Qc2# 1-0


[Site "https://www.chess.com"]

[Event "Titled Tuesday Blitz June 1 2021"]
[White "Rostovtsev, Dmitry"]
[Black "Cunjalo, Faris"]
[WhiteFideId "34278320"]
[BlackFideId "14410710"]
[WhiteElo "2143"]
[BlackElo "2234"]
[Result "1/2-1/2"]
[Round "03"]
[TimeControl "180+1"]
[Date "2021.06.01"]
[WhiteClock "0:00:09"]
[BlackClock "0:00:07"]

1. e4 c5 2. Nf3 Nc6 3. d4 cxd4 4. Nxd4 Nf6 5. Nc3 d6 6. Bg5 e6 7. Qd2 a6 8. O-O-O Bd7 9. f3 Nxd4 10. Qxd4 b5 11. g4 Be7 12. Be3 Rc8 13. h4 e5 14. Qd2 Be6 15. g5 Nd7 16. Nd5 Bxd5 17. Qxd5 Qc7 18. Rh2 Nb6 19. Bxb6 Qxb6 20. Bh3 Rc6 21. Kb1 Qc5 22. Rhd2 Qxd5 23. Rxd5 h6 24. Bg4 hxg5 25. hxg5 Rh2 26. c3 Kf8 27. g6 fxg6 28. R5d2 Rh4 29. Kc2 Kf7 30. Kb3 Kf6 31. Rg1 Kf7 32. Rdg2 g5 33. Rd1 Rh6 34. Rgd2 Bd8 35. Rd5 Ke7 36. R5d2 Bb6 37. Rd3 Bc5 38. R3d2 a5 39. a3 Rb6 40. Rg2 Rb8 41. Bf5 Be3 42. Rd3 Bf4 43. Rd5 g6 44. Bg4 Rh1 45. Ka2 b4 46. cxb4 axb4 47. axb4 Rxb4 48. Ra5 Rd1 49. Ra7+ Kf6 50. Rc2 Rdd4 51. Rcc7 Ra4+ 52. Rxa4 Rxa4+ 53. Kb3 Ra5 54. Kc2 d5 55. b4 Rb5 56. exd5 Rxd5 57. Rc6+ Ke7 58. Rxg6 Rd4 59. b5 Rb4 60. b6 Be3 61. b7 Kf7 62. Rd6 Rxb7 63. Rd7+ Rxd7 64. Bxd7 Ke7 65. Bg4 Kd6 66. Kd3 Bf4 67. Ke4 Kc5 68. Bf5 Kc4 69. Bg4 Kc3 70. Bf5 Kd2 71. Bg4 1/2-1/2


[Site "https://www.chess.com"]

[Event "Titled Tuesday Blitz June 1 2021"]
[White "Rustemov, Alexander"]
[Black "Kovalev, Vladislav"]
[WhiteFideId "4119002"]
[BlackFideId "13504398"]
[WhiteElo "2673"]
[BlackElo "2573"]
[Result "0-1"]
[Round "03"]
[TimeControl "180+1"]
[Date "2021.06.01"]
[WhiteClock "0:00:01"]
[BlackClock "0:00:09"]

1. d4 Nf6 2. c4 g6 3. Nf3 Bg7 4. Bf4 O-O 5. e3 c5 6. Nc3 d5 7. dxc5 Qa5 8. Rc1 Rd8 9. Qa4 Qxc5 10. Qb5 Na6 11. cxd5 Nxd5 12. Be5 Nxc3 13. Qxc5 Nxc5 14. Bxc3 Bxc3+ 15. Rxc3 Na4 16. Rb3 b6 17. Bb5 Bd7 18. Ke2 Nc5 19. Bxd7 Nxb3 20. axb3 Rxd7 21. Rc1 Rad8 22. Rc2 f6 23. Nd4 Kf7 24. f4 Rd6 25. b4 R8d7 26. b5 Rd5 0-1


[Site "https://www.chess.com"]

[Event "Titled Tuesday Blitz June 1 2021"]
[White "Sadhwani, Raunak"]
[Black "Korchmar, Vasiliy"]
[WhiteFideId "35093487"]
[BlackFideId "24131750"]
[WhiteElo "2514"]
[BlackElo "2370"]
[Result "0-1"]
[Round "03"]
[TimeControl "180+1"]
[Date "2021.06.01"]
[WhiteClock "0:00:19"]
[BlackClock "0:00:01"]

1. b3 d5 2. Bb2 Bf5 3. Nf3 e6 4. e3 Nf6 5. d4 Bd6 6. Bd3 Bg4 7. Nbd2 O-O 8. O-O Nbd7 9. e4 dxe4 10. Nxe4 Nxe4 11. Bxe4 c6 12. c4 Qa5 13. h3 Bh5 14. a3 Rad8 15. b4 Qc7 16. Qe2 Rfe8 17. Rfe1 Nf8 18. Rad1 Ng6 19. Qf1 Nf4 20. Re3 Bg6 21. g3 Bxe4 22. Rxe4 Ng6 23. Qe2 Be7 24. h4 h6 25. h5 Nf8 26. d5 cxd5 27. cxd5 exd5 28. Rg4 Ne6 29. Qd2 Bg5 30. Nxg5 Nxg5 31. Qd3 Qd7 32. Rxg5 hxg5 33. h6 f6 34. Qg6 Re7 35. Rxd5 Qxd5 36. Bc3 Qf7 37. h7+ Kh8 38. Qc2 Rc7 39. Bxf6 Rxc2 40. Bxg7+ Qxg7 0-1


[Site "https://www.chess.com"]

[Event "Titled Tuesday Blitz June 1 2021"]
[White "Saravana, Krishnan P."]
[Black "Tanenbaum, Zachary"]
[WhiteFideId "5018382"]
[BlackFideId "2060850"]
[WhiteElo "2245"]
[BlackElo "2165"]
[Result "0-1"]
[Round "03"]
[TimeControl "180+1"]
[Date "2021.06.01"]
[WhiteClock "0:00:46"]
[BlackClock "0:00:16"]

1. e4 e5 2. Nf3 Nc6 3. Bb5 a6 4. Ba4 d6 5. O-O Nf6 6. Re1 Be7 7. c3 O-O 8. h3 b5 9. Bc2 Bb7 10. a3 Re8 11. d4 Bf8 12. Bg5 h6 13. Bxf6 Qxf6 14. dxe5 dxe5 15. Nbd2 Rad8 16. Qe2 Bc8 17. Nf1 Ne7 18. a4 Ng6 19. N3h2 Nf4 20. Qf3 Bc5 21. Ng4 Qg5 22. b4 Bb6 23. Kh1 Rd6 24. axb5 axb5 25. Rad1 Rg6 26. Ng3 Bxg4 27. hxg4 Qh4+ 28. Kg1 Rxg4 29. Nf5 Bxf2+ 30. Kf1 Qh2 31. Nxh6+ Kf8 32. Nxg4 Qg1# 0-1


[Site "https://www.chess.com"]

[Event "Titled Tuesday Blitz June 1 2021"]
[White "Shahaliyev, Ismayil"]
[Black "Kate1606"]
[WhiteFideId "13406388"]
[WhiteElo "2105"]
[BlackElo "2086"]
[Result "1-0"]
[Round "03"]
[TimeControl "180+1"]
[Date "2021.06.01"]
[WhiteClock "0:01:28"]
[BlackClock "0:00:20"]

1. Nf3 c5 2. c3 Nc6 3. d4 cxd4 4. cxd4 d5 5. Nc3 g6 6. Bg5 Bg7 7. e3 h6 8. Bh4 Nf6 9. Bd3 O-O 10. h3 a6 11. O-O b5 12. Nd2 Bb7 13. Nb3 b4 14. Na4 Rc8 15. Nac5 Qb6 16. Nxb7 Qxb7 17. Nc5 Qa7 18. Bxa6 Rb8 19. Be2 g5 20. Bg3 Rbc8 21. a3 bxa3 22. Rxa3 Qb6 23. Rb3 Qa5 24. Rb5 Qa2 25. Bd3 e6 26. Bb1 Qa7 27. Bd3 Rfd8 28. h4 g4 29. Rb7 Qa5 30. Qb1 h5 31. b4 Qa3 32. Rb6 Ne7 33. Ra6 Qc3 34. Rc1 Qd2 35. Ra2 1-0


[Site "https://www.chess.com"]

[Event "Titled Tuesday Blitz June 1 2021"]
[White "Shyaamnikhil P"]
[Black "Oparin, Grigoriy"]
[WhiteFideId "5024218"]
[BlackFideId "24125890"]
[WhiteElo "2300"]
[BlackElo "2628"]
[Result "1/2-1/2"]
[Round "03"]
[TimeControl "180+1"]
[Date "2021.06.01"]
[WhiteClock "0:00:06"]
[BlackClock "0:00:09"]

1. e4 d6 2. d4 g6 3. Be3 Bg7 4. f3 a6 5. c3 b5 6. a4 b4 7. cxb4 Nf6 8. Nc3 O-O 9. b5 axb5 10. axb5 Rxa1 11. Qxa1 Nbd7 12. Bd3 Nb6 13. Nge2 Bb7 14. O-O e6 15. Qc1 Nfd7 16. Bh6 Bxh6 17. Qxh6 f6 18. Ra1 e5 19. Bc2 Kh8 20. Bb3 Qe7 21. Ra7 Rb8 22. h4 exd4 23. Nxd4 d5 24. Kh1 dxe4 25. Nxe4 Bxe4 26. fxe4 Qxe4 27. Ne6 Qe1+ 28. Kh2 Qe5+ 29. Kh1 Qe1+ 30. Kh2 Qe5+ 31. Kh1 Rg8 32. Rxc7 Qe1+ 33. Kh2 Qe5+ 34. Kh1 Qxb5 35. Qe3 Qb4 36. Nf4 Qd6 37. Bxg8 Qxc7 38. Be6 Ne5 39. b4 Nbd7 40. Nd5 Qd6 41. Bxd7 Qxd5 42. Bh3 Qc4 43. Qc5 Qf1+ 44. Kh2 Qf4+ 45. Kh1 Kg7 46. b5 Qf1+ 47. Kh2 Qf4+ 48. Kh1 Nd3 49. Qe7+ Kh6 50. Qe2 Nf2+ 51. Kg1 Nxh3+ 52. gxh3 Qg3+ 53. Qg2 Qe1+ 54. Qf1 Qe3+ 55. Qf2 Qxh3 56. b6 Qg4+ 57. Kh2 Qb4 58. Qxf6 Qd2+ 59. Kg3 Qd3+ 60. Kg4 Qd1+ 61. Kg3 Qe1+ 62. Kg4 Qd1+ 63. Kg3 Qg1+ 64. Kh3 Qh1+ 65. Kg3 Qg1+ 66. Kh3 Qh1+ 67. Kg3 Qg1+ 1/2-1/2


[Site "https://www.chess.com"]

[Event "Titled Tuesday Blitz June 1 2021"]
[White "Smirnov, Pavel"]
[Black "Mikhalsky, Vladimir"]
[WhiteFideId "4123425"]
[BlackFideId "14144352"]
[WhiteElo "2584"]
[BlackElo "2280"]
[Result "1/2-1/2"]
[Round "03"]
[TimeControl "180+1"]
[Date "2021.06.01"]
[WhiteClock "0:00:32"]
[BlackClock "0:00:41"]

1. d4 g6 2. e4 Bg7 3. Nc3 d6 4. f4 a6 5. Nf3 Nd7 6. Bc4 e6 7. f5 b5 8. Bb3 Nb6 9. O-O c5 10. dxc5 dxc5 11. Qxd8+ Kxd8 12. Ng5 c4 13. Nxf7+ Ke7 14. Nxh8 Bxh8 15. Be3 Nd7 16. fxe6 Kxe6 17. Nd5 Be5 18. Bf4 cxb3 19. Bxe5 Kxe5 20. axb3 Ngf6 21. Rad1 Bb7 22. c4 bxc4 23. bxc4 Rb8 24. b4 Bxd5 25. exd5 Rxb4 26. Rde1+ Kd4 27. Rf4+ Kc5 28. Re6 Rb6 29. g4 g5 30. Rf5 h6 31. d6+ Kxc4 32. Rfxf6 Nxf6 33. Rxf6 Rb1+ 34. Kf2 Rd1 35. d7 Rxd7 36. Rxa6 Rd2+ 37. Kg1 Rd1+ 38. Kg2 Rd2+ 39. Kg3 Rd3+ 40. Kg2 Rd2+ 41. Kg3 Rd3+ 1/2-1/2


[Site "https://www.chess.com"]

[Event "Titled Tuesday Blitz June 1 2021"]
[White "Sonis, Francesco"]
[Black "Nagy, Gabor"]
[WhiteFideId "895733"]
[BlackFideId "737119"]
[WhiteElo "2625"]
[BlackElo "2799"]
[Result "1-0"]
[Round "03"]
[TimeControl "180+1"]
[Date "2021.06.01"]
[WhiteClock "0:00:16"]
[BlackClock "0:00:06"]

1. d4 Nf6 2. c4 e6 3. Nf3 d5 4. g3 c6 5. Bg2 Nbd7 6. Qd3 b6 7. O-O Ba6 8. Nbd2 Rc8 9. b3 Be7 10. e4 O-O 11. Bb2 c5 12. e5 Ne8 13. Rac1 Nc7 14. Rfd1 Qe8 15. Qe3 f5 16. exf6 Bxf6 17. cxd5 Nxd5 18. Qe1 Nb4 19. Nc4 Qe7 20. Nd6 Qxd6 21. dxc5 Qe7 22. Bxf6 Rxf6 23. Qxb4 Nxc5 24. Ne5 Rcf8 25. f4 Qe8 26. Qd4 Bb5 27. b4 Na6 28. h4 h6 29. Bc6 Bxc6 30. Rxc6 Rf5 31. Qc4 Qh5 32. Qxe6+ Kh7 33. g4 Qxh4 34. Qg6+ Kh8 35. gxf5 Qxf4 36. Nf7+ Kg8 37. Nxh6+ Kh8 38. Re6 Nc7 39. Re2 gxh6 40. Rg2 Qe3+ 41. Kh2 Qf4+ 42. Qg3 Qxg3+ 43. Rxg3 Rxf5 44. Rd8+ Kh7 45. Rd7+ Kh8 46. Rxc7 Rh5+ 47. Rh3 Rd5 48. Rxh6+ 1-0


[Site "https://www.chess.com"]

[Event "Titled Tuesday Blitz June 1 2021"]
[White "Stark, Lars"]
[Black "Nesterov, Arseniy"]
[WhiteFideId "4676386"]
[BlackFideId "24198455"]
[WhiteElo "2632"]
[BlackElo "2823"]
[Result "0-1"]
[Round "03"]
[TimeControl "180+1"]
[Date "2021.06.01"]
[WhiteClock "0:00:09"]
[BlackClock "0:00:10"]

1. c4 e5 2. g3 Nc6 3. Bg2 Bc5 4. Nc3 d6 5. a3 a6 6. e3 Nge7 7. Nge2 O-O 8. O-O Bg4 9. h3 Bh5 10. d3 f5 11. Qc2 Ba7 12. b4 h6 13. Kh2 Ng6 14. b5 axb5 15. cxb5 Na5 16. a4 f4 17. exf4 exf4 18. Nxf4 Nxf4 19. Bxf4 Rxf4 20. gxf4 Qh4 21. Nd5 c6 22. bxc6 bxc6 23. Rae1 Kh8 24. Ne7 Qxf4+ 25. Kh1 d5 26. d4 Bb8 27. Re5 Bxe5 28. dxe5 Qxe5 29. Ng6+ Bxg6 30. Qxg6 Rf8 31. Kg1 Rf6 32. Qg4 Nc4 33. Qd1 Qf4 34. Qc2 Ne5 35. Re1 d4 36. Qe4 Qxf2+ 37. Kh1 Ng6 38. Rf1 Qh4 39. Qe8+ Kh7 40. Rxf6 Qxf6 41. Be4 c5 42. Bd3 Qf3+ 43. Kg1 Qxd3 44. a5 Qd1+ 45. Kf2 Qc2+ 46. Kf3 Qc3+ 47. Kg4 Qxa5 48. Qe4 Qb6 49. h4 Qf6 50. h5 Qh4+ 51. Kf5 Qxe4+ 52. Kxe4 Nh4 53. Kd3 g6 54. hxg6+ Kxg6 55. Ke4 Kg5 56. Ke5 Ng6+ 57. Ke4 h5 58. Kf3 h4 59. Kg2 d3 60. Kh3 d2 61. Kg2 Nf4+ 62. Kh2 Ne6 63. Kg1 d1=Q+ 64. Kf2 Qd2+ 65. Kf3 Qd3+ 66. Kf2 Kg4 67. Kg2 Qe2+ 68. Kh1 Kg3 0-1


[Site "https://www.chess.com"]

[Event "Titled Tuesday Blitz June 1 2021"]
[White "Stoleriu, George"]
[Black "Vazquez, Guillermo"]
[WhiteFideId "1227505"]
[BlackFideId "3702308"]
[WhiteElo "2227"]
[BlackElo "2536"]
[Result "0-1"]
[Round "03"]
[TimeControl "180+1"]
[Date "2021.06.01"]
[WhiteClock "0:00:05"]
[BlackClock "0:00:53"]

1. e4 c6 2. Nf3 d5 3. exd5 cxd5 4. Ne5 Nc6 5. d4 e6 6. Bb5 Ne7 7. c3 a6 8. Bd3 Nxe5 9. dxe5 Nc6 10. f4 Bc5 11. Qe2 f6 12. Qh5+ Kd7 13. Nd2 Kc7 14. Nf3 Bd7 15. Bd2 Rc8 16. O-O-O Kb8 17. Kb1 Qb6 18. Ka1 Rc7 19. exf6 gxf6 20. Rhe1 a5 21. Qf7 Rf8 22. Qxh7 a4 23. a3 Na5 24. Qh6 Bb5 25. Bxb5 Qxb5 26. Be3 Nb3+ 27. Kb1 Bxa3 28. bxa3 Nd4+ 29. Kc1 Rxc3+ 0-1


[Site "https://www.chess.com"]

[Event "Titled Tuesday Blitz June 1 2021"]
[White "Supi, Luis Paulo"]
[Black "Sadovsky, Artem"]
[WhiteFideId "2106388"]
[BlackFideId "4155840"]
[WhiteElo "2369"]
[BlackElo "2476"]
[Result "1-0"]
[Round "03"]
[TimeControl "180+1"]
[Date "2021.06.01"]
[WhiteClock "0:00:22"]
[BlackClock "0:00:01"]

1. d4 g6 2. c4 Bg7 3. Nc3 d6 4. e4 e5 5. dxe5 dxe5 6. Qxd8+ Kxd8 7. f4 Nc6 8. fxe5 Nxe5 9. Nf3 Nxf3+ 10. gxf3 Be6 11. Bg5+ f6 12. Bf4 c6 13. a4 a5 14. h4 Ke7 15. Ra3 Bh6 16. Bg3 Be3 17. Rb3 b6 18. Nd5+ cxd5 19. cxd5 Bc5 20. dxe6 Kxe6 21. Bc4+ Ke7 22. h5 Nh6 23. Ke2 Nf7 24. Bd5 Rac8 25. Rc3 Bd4 26. Rxc8 Rxc8 27. hxg6 hxg6 28. Rh7 Rf8 29. Kd3 Bc5 30. Kc4 Ke8 31. Kb5 Nd6+ 32. Bxd6 Bxd6 33. Bc6+ Kd8 34. Rd7+ Kc8 35. Rxd6 f5 36. e5 f4 37. Rxg6 Rf5 38. Re6 Kc7 39. Be4 1-0


[Site "https://www.chess.com"]

[Event "Titled Tuesday Blitz June 1 2021"]
[White "Sychev, Klementy"]
[Black "LikeWater"]
[WhiteFideId "4114060"]
[WhiteElo "2615"]
[BlackElo "2672"]
[Result "1-0"]
[Round "03"]
[TimeControl "180+1"]
[Date "2021.06.01"]
[WhiteClock "0:02:09"]
[BlackClock "0:02:06"]

1. e4 c5 2. g3 e6 3. Bg2 Nc6 4. Ne2 Nf6 5. Nbc3 d6 6. d4 cxd4 7. Nxd4 Bd7 8. Ndb5 Qb8 9. a4 Be7 10. O-O O-O 11. Be3 Ne5 12. Qe2 a6 13. Na3 Nfg4 14. Bd2 Rc8 15. f4 1-0


[Site "https://www.chess.com"]

[Event "Titled Tuesday Blitz June 1 2021"]
[White "Timmermans, Mark"]
[Black "Pourkashiyan, Atousa"]
[WhiteFideId "1026399"]
[BlackFideId "12502014"]
[WhiteElo "2460"]
[BlackElo "2285"]
[Result "1-0"]
[Round "03"]
[TimeControl "180+1"]
[Date "2021.06.01"]
[WhiteClock "0:01:37"]
[BlackClock "0:00:22"]

1. b4 e6 2. Bb2 Nf6 3. b5 a6 4. a4 axb5 5. axb5 Rxa1 6. Bxa1 Be7 7. c4 d5 8. e3 dxc4 9. Bxc4 Nbd7 10. Nf3 Nb6 11. Be2 O-O 12. O-O Nbd5 13. Nc3 Nxc3 14. Bxc3 Bd7 15. d4 Ne4 16. Bb2 Nd6 17. Qb3 Qe8 18. b6 Ba4 19. Qb4 Nc8 20. Qc4 cxb6 21. Ne5 Nd6 22. Qc7 Qd8 23. Rc1 f6 24. Nd3 Bc6 25. Qxd8 Rxd8 26. Nf4 Bd5 27. Rc7 Bf8 28. Nxd5 exd5 29. Bf3 Nc4 30. Bc3 b5 31. Rxb7 b4 32. Bxb4 Bxb4 33. Rxb4 Kf7 34. Bxd5+ Rxd5 35. Rxc4 Ra5 36. g4 h5 37. h3 hxg4 38. hxg4 Kg6 39. Kg2 Ra1 40. Rc5 Rd1 41. Kf3 Rd2 42. Kg3 Kh6 43. f3 Kg6 44. Kf4 Kh6 45. Rh5+ Kg6 46. d5 Kf7 47. e4 Rd1 48. g5 Kg6 49. Rh2 fxg5+ 50. Ke5 Rd3 51. Rf2 Kh5 52. d6 Kh4 53. Ke6 Kg3 54. Rf1 Kg2 55. Re1 Kxf3 56. d7 g4 57. e5 Kf2 58. Re4 g3 59. Rg4 g2 60. Rxg7 Rg3 61. Rxg3 Kxg3 62. d8=Q g1=Q 63. Qg8+ Kf2 64. Qxg1+ Kxg1 65. Kf6 1-0


[Site "https://www.chess.com"]

[Event "Titled Tuesday Blitz June 1 2021"]
[White "Timofeev, Artyom"]
[Black "Sieciechowicz, Marcin"]
[WhiteFideId "4140419"]
[BlackFideId "1130170"]
[WhiteElo "2582"]
[BlackElo "2288"]
[Result "1-0"]
[Round "03"]
[TimeControl "180+1"]
[Date "2021.06.01"]
[WhiteClock "0:00:40"]
[BlackClock "0:00:05"]

1. c4 Nf6 2. Nc3 g6 3. g3 Bg7 4. Bg2 O-O 5. d3 d6 6. Nf3 e5 7. O-O c6 8. e4 Na6 9. h3 Nc7 10. Be3 Ne6 11. d4 Nd7 12. d5 cxd5 13. cxd5 Nec5 14. b4 Na6 15. a3 Nb6 16. Qe2 Bd7 17. Rfc1 Rc8 18. Nb5 Bxb5 19. Qxb5 Qe8 20. Bf1 Qxb5 21. Bxb5 Rxc1+ 22. Rxc1 Rc8 23. Rxc8+ Nxc8 24. Bxa6 bxa6 25. Nd2 Bf6 26. Nc4 Bd8 27. Kf1 Kf8 28. Ke2 Ke8 29. f4 f6 30. Kd3 Kd7 31. h4 Bb6 32. f5 Ke7 33. fxg6 hxg6 34. g4 Kf7 35. a4 Ke7 36. a5 Bc7 37. Ke2 Kf7 38. Kf3 Bb8 39. h5 Kg7 40. Bd2 Ne7 41. Ne3 Kf7 42. hxg6+ Kxg6 43. Nf5 Nxf5 44. exf5+ Kf7 45. Be3 Kg7 46. Kg3 Kf7 47. Kh4 Kg7 48. Kh5 Kh7 49. Kh4 Kg7 50. Kg3 Kf7 51. Kf3 Kg7 52. Ke4 Kf7 53. Kd3 Ke7 54. Kc4 Kd7 55. b5 Kc7 56. bxa6 Kd7 57. Kb5 Kc7 58. Bh6 Kd7 59. Bd2 Kc7 60. g5 fxg5 61. Bxg5 Kd7 62. f6 Ke8 63. Kc6 Kf7 64. Kb7 1-0


[Site "https://www.chess.com"]

[Event "Titled Tuesday Blitz June 1 2021"]
[White "Trent, Lawrence"]
[Black "Szente Varga, Fruzsina"]
[WhiteFideId "408638"]
[BlackFideId "712264"]
[WhiteElo "2474"]
[BlackElo "2106"]
[Result "0-1"]
[Round "03"]
[TimeControl "180+1"]
[Date "2021.06.01"]
[WhiteClock "0:00:49"]
[BlackClock "0:00:18"]

1. d4 Nf6 2. Nc3 g6 3. e4 d6 4. Bg5 Bg7 5. e5 dxe5 6. dxe5 Qxd1+ 7. Rxd1 Nfd7 8. Nd5 Bxe5 9. Nf3 Bd6 10. Bxe7 Bxe7 11. Nxc7+ Kd8 12. Nxa8 Re8 13. Bb5 Bb4+ 14. Kf1 b6 15. a3 Bf8 16. Ng5 Re7 17. Nxh7 Bg7 18. h4 Bb7 19. Nxb6 axb6 20. h5 gxh5 21. Rxh5 Bxb2 22. a4 Be4 23. Bd3 Bc6 24. Bb5 Be4 25. f3 Bg6 26. Rh4 Bg7 27. Bd3 Bxd3+ 28. Rxd3 Kc7 29. Ng5 Bf6 30. Rc4+ Kb7 31. Ne4 Be5 32. a5 bxa5 33. Rb3+ Ka7 34. Rb5 Nb6 35. Rcc5 Kb7 36. Rxe5 Rxe5 37. Rxe5 Nc6 38. Rb5 a4 39. Nc5+ Kc7 40. Rb1 a3 41. Ra1 Nc4 42. c3 N6a5 43. g4 Kc6 44. Nd3 Nb3 45. Ra2 Nbd2+ 46. Ke2 Nb3 47. g5 Kd5 48. Nb4+ Kc5 49. Nc2 Nc1+ 50. Kf2 Nxa2 51. f4 Nxc3 52. Nxa3 Nxa3 53. f5 Ne4+ 54. Kf3 Nxg5+ 55. Kf4 f6 56. Kg4 Kd5 57. Kh5 Ke5 58. Kg6 Nc4 59. Kh5 Kxf5 60. Kh4 Ke4 61. Kg3 f5 62. Kh2 f4 63. Kg1 Ke3 64. Kf1 f3 65. Kg1 f2+ 66. Kf1 Nd2+ 67. Kg2 f1=Q+ 68. Kg3 Qf4+ 69. Kg2 Qf3+ 70. Kg1 Qe2 71. Kh1 Kf3 72. Kg1 Qg2# 0-1


[Site "https://www.chess.com"]

[Event "Titled Tuesday Blitz June 1 2021"]
[White "Tristan, Leonardo"]
[Black "Li, Eric"]
[WhiteFideId "113816"]
[BlackFideId "30939941"]
[WhiteElo "2404"]
[BlackElo "1869"]
[Result "1-0"]
[Round "03"]
[TimeControl "180+1"]
[Date "2021.06.01"]
[WhiteClock "0:01:10"]
[BlackClock "0:01:59"]

1. d4 d5 2. Bf4 Nf6 3. e3 c5 4. Nf3 cxd4 5. exd4 a6 6. Bd3 Nc6 7. c3 Bg4 8. Nbd2 e6 9. a4 Bd6 10. Bxd6 Qxd6 11. O-O O-O 12. Re1 e5 13. dxe5 Nxe5 14. Rxe5 Qxe5 15. Nxe5 Bxd1 16. Rxd1 Rfe8 17. Ndf3 g6 18. h3 Kg7 19. Ng4 Nxg4 20. hxg4 h6 21. Nd4 Rad8 22. f3 Kf6 23. Kf2 Re7 24. a5 Ke5 25. Nb3 Kd6 26. Bc4 Kc6 27. Nd4+ Kc7 28. Bf1 Kd6 29. c4 Kc5 30. Nc2 Red7 31. b4+ Kc6 32. Nd4+ Kc7 33. c5 Re7 34. Rc1 Kb8 35. Bxa6 1-0


[Site "https://www.chess.com"]

[Event "Titled Tuesday Blitz June 1 2021"]
[White "Urazayev, Arystanbek"]
[Black "Heinemann, Josefine"]
[WhiteFideId "13709810"]
[BlackFideId "12900460"]
[WhiteElo "2321"]
[BlackElo "2300"]
[Result "1-0"]
[Round "03"]
[TimeControl "180+1"]
[Date "2021.06.01"]
[WhiteClock "0:00:08"]
[BlackClock "0:00:03"]

1. d4 Nf6 2. Nf3 e6 3. Bf4 d5 4. Nbd2 Bd6 5. e3 O-O 6. Bd3 b6 7. O-O Bb7 8. Qe2 c5 9. c3 Nc6 10. Bb5 Qc7 11. Bxc6 Bxc6 12. Bxd6 Qxd6 13. Ne5 Nd7 14. Ndf3 f6 15. Nxc6 Qxc6 16. c4 Rfd8 17. Rac1 Rac8 18. Rfd1 dxc4 19. Qxc4 b5 20. Qe2 c4 21. e4 Nb6 22. h4 b4 23. h5 f5 24. d5 exd5 25. Nd4 Qf6 26. e5 Qf7 27. Qf3 g6 28. h6 Re8 29. Re1 Qe7 30. Qg3 Qf7 31. Nb5 Rcd8 32. Nd4 f4 33. Qg5 f3 34. e6 Qe7 35. Qe5 fxg2 36. Nc6 Qf8 37. e7 Qxh6 38. Kxg2 Rc8 39. Qe6+ Kh8 40. Ne5 Qg5+ 41. Kf1 Kg7 42. Qf7+ Kh6 43. Nf3 Qf5 44. Qxf5 gxf5 45. Re6+ Kg7 46. Ke2 c3 47. Rg1+ Kf7 48. Ng5+ Kg8 49. bxc3 bxc3 50. Kd1 c2+ 51. Kc1 Nc4 52. f4 Rc7 53. Nf3+ Kf7 54. Ng5+ Kg8 55. Rge1 Kg7 56. Nf3 Kg8 57. Nd4 Na3 58. Nxf5 Rb7 59. Kd2 Rb1 60. Nd6 Rxe1 61. Rxe1 c1=Q+ 62. Kxc1 Rxe7 63. Rxe7 1-0


[Site "https://www.chess.com"]